 Dungeon Crawl Stone Soup version 0.31-a0-672-g7da72447bb (webtiles) character file.

Game seed: 17668897113833134693

23 dialectric the Sneak (level 2, -1/15 HPs)
             Began as a Spriggan Brigand on Sept 5, 2023.
             Blown up by Ijyb (6 damage)
             ... with a mindburst bolt
             ... on level 3 of the Dungeon.
             The game lasted 00:00:53 (792 turns).

dialectric the Sneak (Spriggan Brigand)              Turns: 792, Time: 00:00:54

Health: -1/15      AC:  3    Str:  7    XL:     2   Next: 75%
Magic:  3/3        EV: 16    Int: 12    God:
Gold:   89         SH:  0    Dex: 16    Spells: 1/1 levels left

rFire   . . .        a - +2 dagger
rCold   . . .        (no shield)
rNeg    . . .        b - +0 robe
rPois   .            (helmet restricted)
rElec   .            c - +0 cloak
rCorr   .            (gloves unavailable)
SInv    +            (boots unavailable)
Will    .....        (no amulet)
Stlth   +++          (no ring)
HPRegen 0.22/turn    (no ring)
MPRegen 0.08/turn

%: no passive effects
@: very quick
A: very small, no large weapons, unfitting armour, see invisible, speed 3
a: no special abilities


You were on level 3 of the Dungeon.
You visited 1 branch of the dungeon, and saw 3 of its levels.

You collected 89 gold pieces.

Inventory:

Hand Weapons
 a - a +2 dagger (weapon)
Missiles
 d - 9 poisoned darts (quivered)
 e - 3 curare-tipped darts
Armour
 b - a +0 robe (worn)
 c - a +0 cloak (worn)
Scrolls
 h - a scroll of brand weapon {unknown}
Potions
 f - a potion of curing {unknown}
 g - a potion of haste {unknown}
 i - a potion of attraction {unknown}


   Skills:
 + Level 1.6 Fighting
 + Level 2.6 Short Blades
 - Level 2.0 Throwing
 + Level 1.6 Dodging
 + Level 6.7 Stealth


You had one spell level left.
You didn't know any spells.
Your spell library was empty.

Dungeon Overview and Level Annotations

Branches:
Dungeon (3/15)

Altars:

Annotations:
D:2 Jessica, Sigmund
D:3 Ijyb


Innate Abilities, Weirdness & Mutations

You are very small and have problems with some larger weapons.
You are too small for most types of armour.
You have supernaturally acute eyesight. (SInv)
You cover ground extremely quickly. (Speed+++)


Message History

No target in view!
No target in view!
No target in view!
No target in view!
No target in view!
Found 14 gold pieces.
You see here a +0 short sword.
You see here an adder corpse.
You now have 89 gold pieces (gained 14).
A frilled lizard comes into view.
Found a leather armour.
A frilled lizard is nearby!
Ijyb the Twisted Goblin comes into view.
She is wielding a +0 club and carrying a wand of mindburst.
There are monsters nearby!
There are monsters nearby!
You see here 14 gold pieces.
A frilled lizard is nearby!
Found a scroll labelled HUKIG POUGGE.
Found 3 stones.
The helpless frilled lizard fails to defend itself.
You impale the frilled lizard!!
You kill the frilled lizard!
Ijyb shouts!
You hear an angry hiss.
Ijyb barely misses you.
You hit Ijyb but do no damage. Ijyb hits you with a +0 club.
You hit Ijyb but do no damage.
A frilled lizard comes into view.
Ijyb hits you with a +0 club.
You hit Ijyb but do no damage. You hit Ijyb but do no damage.
Ijyb hits you with a +0 club.
* * * LOW HITPOINT WARNING * * *
You are too injured to fight recklessly!
You are too injured to fight recklessly!
You are too injured to fight recklessly!
You are too injured to fight recklessly!
You are too injured to fight recklessly!
You are too injured to fight recklessly!
Unknown command.
Ijyb zaps a wand.
Your mind is blasted!
You die...

##..######..... ##.
##....# #...# #..
#....###..######..#
#.........#.... ..
#............###.####..
#.....................
#†.............g..#...
#.).........###.#.l...
#)............#.@....#
...........$..#...####
#..>..#.#.......###
..#.##..#....#...#
....#..##....#....#
......####.##........
###### #[...######.(
#....# . #.#.##


You could see Ijyb and a frilled lizard.

Vanquished Creatures
  An adder (D:3)
  A bat (D:2)
  2 endoplasms (D:1)
  2 giant cockroaches
  A hobgoblin (D:1)
  A quokka (D:1)
  3 ball pythons
  A frilled lizard (D:3)
  2 kobolds
14 creatures vanquished.

Notes
Turn   | Place    | Note
-------+----------+-------------------------------------------
     0 | D:1      | dialectric the Spriggan Brigand began the quest for the
                  | Orb.
     0 | D:1      | Reached XP level 1. HP: 10/10 MP: 2/2
   171 | D:1      | Found a faded altar of an unknown god.
   262 | D:1      | Reached skill level 6 in Stealth
   329 | D:1      | Reached XP level 2. HP: 14/14 MP: 3/3
   605 | D:2      | Noticed Jessica
   616 | D:1      | You fall into a shaft and drop 1 floor!
   623 | D:2      | Noticed Sigmund
   779 | D:3      | Noticed Ijyb
   792 | D:3      | Blown up by Ijyb

Illustrated notes

Levels and vault maps discovered:
D:1:      onia_arrival_pyramid, layout_basic,
          shapermc_ecumenical_altar_notcrosses, minmay_tetromino_o2
D:2:      layout_rooms, serial_undead, serial_undead_d, serial_undead_f,
          serial_undead_d, serial_undead_e, serial_undead_c, serial_undead_d,
          serial_undead_a, serial_undead_c, serial_undead_d, serial_undead_c,
          serial_bayou_pond_e, uniq_sigmund, uniq_jessica
D:3:      minmay_angry_zag, layout_rooms, uniq_natasha, uniq_ijyb, uniq_grinder

Skill      XL: |  1 |
---------------+----+-----
Stealth        | 6 |  6.7
Fighting       | |  1.6
Short Blades   | |  2.6
Throwing       | |  2.0
Dodging        | |  1.6

Action                     || total
---------------------------++-------
  Melee: Dagger            ||    57
   Stab: Sleeping          ||     7
 Armour: Robe              ||    19
  Dodge: Dodged            ||    46

Table legend: (Time is in decaauts)
 A = Elapsed time spent in this place.
 B = Non-inter-level travel time spent in this place.
 C = Inter-level travel time spent in this place.
 D = Time resting spent in this place.
 E = Time spent auto-exploring this place.
 F = Levels seen in this place.
 G = Mean time per level.
                   A        B        C        D        E       F      G
               +--------+--------+--------+--------+--------+-----+--------+
         Total |    531 |    520 |     11 |     42 |    350 |   3 |  177.0 |
       Dungeon |    531 |    520 |     11 |     42 |    350 |   3 |  177.0 |
               +--------+--------+--------+--------+--------+-----+--------+

Top non-repeatable levels by time:
     D:1: 385 daAuts
     D:3: 114 daAuts
     D:2: 31 daAuts
